 Dungeon Crawl Stone Soup version 0.13-a0-2174-g3a0f4b0 (webtiles) character file.

168 JacquesDerrida the Shooter (level 4, 0/36 HPs)
             Began as a Centaur Hunter on July 1, 2013.
             Succumbed to an adder's poison
             ... on Level 3 of the Dungeon.
             The game lasted 00:03:52 (2125 turns).

JacquesDerrida the Shooter (Centaur Hunter)         Turns: 2125, Time: 00:03:53

HP   0/36        AC  4     Str 14      XL: 4   Next: 17%
MP   2/2         EV 14     Int 10      God:
Gold 89          SH  0     Dex 16      Spells:  0 memorised,  3 levels left

Res.Fire  : . . .   See Invis. : .   b - +1 bow
Res.Cold  : . . .   Warding    : .   d - +0 leather armour
Life Prot.: . . .   Conserve   : .   (no shield)
Res.Poison: .       Res.Corr.  : .   (no helmet)
Res.Elec. : .       Clarity    : .   (no cloak)
Sust.Abil.: . .     Spirit.Shd : .   (no gloves)
Res.Mut.  : .       Stasis     : .   (no barding)
Res.Rott. : .       Flight     : .   (no amulet)
Saprovore : . . .                    (no ring)
                                     (no ring)

@: agile, mildly poisoned, very quick, slightly resistant to hostile
enchantments, fairly stealthy
A: hooves 3, deformed body, herbivore 1, speed 2, fast metabolism 1, tough skin
3
a: no special abilities


You were on level 3 of the Dungeon.
You were starving.

You visited 1 branch of the dungeon, and saw 3 of its levels.

You collected 69 gold pieces.

Inventory:

Hand weapons
 a - a +0,+0 short sword
 b - a +1,+1 bow (weapon)
Missiles
 c - 66 arrows (quivered)
 w - a poisoned dart
 x - 17 darts of frost
Armour
 d - a +0 leather armour (worn)
Comestibles
 f - 2 bread rations
 g - a cheese
 o - an apple
 q - 9 sultanas
 s - 2 meat rations
Scrolls
 h - a scroll of noise {unknown}
 k - 2 scrolls of teleportation {unknown}
 l - a scroll of enchant armour {unknown}
 m - 2 scrolls of identify {unknown}
 n - 3 scrolls of recharging {unknown}
 p - a scroll of random uselessness {unknown}
Potions
 e - a potion of decay {unknown}
 i - a potion of resistance {unknown}
 j - a potion of agility
 t - 2 potions of poison {unknown}
 u - a potion of curing {unknown}
 v - a potion of might {unknown}


   Skills:
 - Level 1.0 Fighting
 + Level 7.5 Bows
 - Level 1.3 Dodging
 - Level 0.5 Stealth


You had 3 spell levels left.
You didn't know any spells.

Dungeon Overview and Level Annotations

Branches:
Dungeon (3/27)

Altars:
Nemelex Xobeh


Innate Abilities, Weirdness & Mutations

You have hooves in place of feet.
Armour fits poorly on your strangely shaped body.
You digest meat inefficiently.
You cover ground very quickly.
You have a fast metabolism.
You have extremely tough skin (AC +3).


Message History

You closely miss the adder.
The adder is severely wounded.
The adder barely misses you. The adder closely misses you.
b - a +1,+1 bow (weapon)
The adder bites you.
* * * LOW HITPOINT WARNING * * *
You are more poisoned.
The adder poisons you!
Firing (i - inventory. (,) - cycle):
c - 67 arrows (quivered)
Press: ? - help, Shift-Dir - straight line, f - adder
Aim: an adder (severely wounded)
You shoot an arrow. The arrow hits the adder.
You kill the adder!
* * * LOW HITPOINT WARNING * * *
You feel sick.
You feel a little better.
Drink which item? (? for menu, Esc to quit)
You feel more agile all of a sudden.
It was a potion of agility.
You die...

. #. #.
#.#######
#.........
#..!...^#
#.......#
#..(....#
#.@.....#
#..%....#
#.......#
#<......#
#.......#
#.###.###
#.# .# #.#
.# #.#


There were no monsters in sight!

Vanquished Creatures
  3 adders
  A worm (D:2)
  5 bats
  2 giant cockroaches (D:2)
  8 goblins
  7 hobgoblins
  A quokka (D:2)
  A ball python (D:2)
  2 giant geckos (D:1)
  3 giant newts
  5 kobolds
  14 rats
52 creatures vanquished.

Notes
Turn   | Place    | Note
--------------------------------------------------------------
     0 | D:1      | JacquesDerrida, the Centaur Hunter, began the quest for the Orb.
     0 | D:1      | Reached XP level 1. HP: 17/17 MP: 0/0
   106 | D:1      | Reached XP level 2. HP: 22/24 MP: 1/1
   146 | D:1      | Reached skill level 6 in Bows
   780 | D:2      | Reached XP level 3. HP: 20/29 MP: 2/2
  1117 | D:2      | Reached skill level 7 in Bows
  1837 | D:2      | Found a sparkling altar of Nemelex Xobeh.
  1994 | D:2      | Reached XP level 4. HP: 36/36 MP: 2/2
  2124 | D:3      | HP: 1/36 [poisoned by an adder]
  2125 | D:3      | Succumbed to an adder's poison

Action                   |  1- 3 |  4- 6 || total
-------------------------+-------+-------++-------
Melee: Short sword       |   134 |    17 ||   151
 Fire: Bow               |    10 |     1 ||    11
  Use: Potion            |       |     1 ||     1
